 Dungeon Crawl Stone Soup version 0.20-a0-709-gd40821f (webtiles) character file.

113 KristoblXynda the Charlatan (level 4, -2/21 HPs)
             Began as a Spriggan Artificer on Feb 21, 2017.
             Was an Initiate of Nemelex Xobeh.
             Slain by a gnoll
             ... wielding a +1 flail of protection
              (17 damage)
             ... on level 3 of the Dungeon.
             The game lasted 00:06:59 (2911 turns).

KristoblXynda the Charlatan (Spriggan Artificer)    Turns: 2911, Time: 00:07:01

Health: -2/21      AC:  3    Str:  8    XL:     4   Next: 65%
Magic:  8/8        EV: 18    Int: 13    God:    Nemelex Xobeh [......]
Gold:   90         SH:  6    Dex: 16    Spells: 3/3 levels left

rFire    . . .     SeeInvis +   p - +0 dagger (freeze)
rCold    . . .     Gourm    .   b - +1 robe
rNeg     . . .     Faith    .   (shield restricted)
rPois    .         Spirit   .   (helmet restricted)
rElec    .         Reflect  +   (no cloak)
rCorr    .         Harm     .   (gloves unavailable)
MR       .....                  (boots unavailable)
Stlth    +++.......             h - +6 amulet of reflection
Regen    0.1/turn               (no ring)
MPRegen  0.2/turn               (no ring)

@: very quick
A: unfitting armour, see invisible, herbivore 3, speed 3, slow metabolism 2
a: Renounce Religion


You were on level 3 of the Dungeon.
You worshipped Nemelex Xobeh.
Nemelex Xobeh was noncommittal.
You were not hungry.

You visited 1 branch of the dungeon, and saw 3 of its levels.

You collected 90 gold pieces.

Inventory:

Hand Weapons
 p - a +0 dagger of freezing (weapon)
Armour
 b - a +1 robe (worn)
Jewellery
 h - a +6 amulet of reflection (around neck)
Wands
 c - a wand of flame (6/48)
 d - a wand of enslavement (15/24)
 e - a wand of random effects (14/48)
Scrolls
 a - a scroll of recharging {unknown}
 g - a scroll of identify
 n - a scroll of enchant weapon {unknown}
Potions
 i - a potion of lignification
 k - a potion of might
 o - a potion of degeneration {unknown}
 q - 2 potions of curing {unknown}
Miscellaneous
 l - a plain deck of summoning {drawn: 1}
Comestibles
 f - 2 bread rations
 j - 4 fruits
 m - a royal jelly


   Skills:
 - Level 0.7 Fighting
 + Level 2.5 Short Blades
 - Level 3.0 Dodging
 + Level 4.6 Stealth
 + Level 1.1 Invocations
 - Level 5.0 Evocations


You had 3 spell levels left.
You didn't know any spells.

Dungeon Overview and Level Annotations

Branches:
Dungeon (3/15)

Altars:
Cheibriados
Nemelex Xobeh
Xom


Innate Abilities, Weirdness & Mutations

You are very small and have problems with some larger weapons.
You are too small for most types of armour.
You have supernaturally acute eyesight. (SInv)
You are a herbivore.
You cover ground extremely quickly.
You need consume almost no food.


Message History

KristoblXynda's illusion freezes the gnoll.
You block the gnoll's attack.
You hit the gnoll but do no damage.
The gnoll is heavily wounded.
KristoblXynda's illusion hits the gnoll but does no damage.
You closely miss the gnoll.
The gnoll is heavily wounded.
The gnoll hits you with a flail of protection.
KristoblXynda's illusion hits the gnoll but does no damage.
You closely miss the gnoll.
The gnoll is heavily wounded.
The gnoll misses you.
KristoblXynda's illusion hits the gnoll but does no damage.
You hit the gnoll. You freeze the gnoll.
The gnoll is almost dead.
KristoblXynda's illusion disappears in a puff of smoke!
The gnoll hits you with a flail of protection!
Ouch! That really hurt!
You die...
Your body disappears without a glow.

.............
..##........... ... #.
...#....#####.. .... #..
.....#######...
##..##.####..#...........#
###......#....#...........##
................#........##
...............##.....#..##
........)§g@...##....###..##
.§...................####..#
.%.....)......#.......####..
####...##...##.#)##†.##....
###.####....(.†......##.
...#..........#.##........
........?..##.....##...##..
...........................
.............##..........#..


You could see a gnoll.

Vanquished Creatures
  4 adders
  A worm (D:2)
  2 dart slugs
  A leopard gecko (D:3)
  3 giant cockroaches
  6 goblins
  2 hobgoblins
  9 jackals (D:1)
  10 kobolds
  5 ball pythons
  3 bats
  3 frilled lizards
  5 rats
54 creatures vanquished.

Vanquished Creatures (collateral kills)
  2 gnolls (D:3)
  A frilled lizard (D:3)
3 creatures vanquished.

Grand Total: 57 creatures vanquished

Notes
Turn   | Place    | Note
-------+----------+-------------------------------------------
     0 | D:1      | KristoblXynda the Spriggan Artificer began the quest for the Orb.
     0 | D:1      | Reached XP level 1. HP: 9/9 MP: 4/4
   431 | D:1      | Reached XP level 2. HP: 14/14 MP: 6/6
  1134 | D:2      | Found a sparkling altar of Nemelex Xobeh.
  1144 | D:2      | Reached XP level 3. HP: 16/17 MP: 7/7
  1148 | D:2      | Became a worshipper of Nemelex Xobeh the Trickster
  1165 | D:2      | Found a shimmering altar of Xom.
  1189 | D:2      | Received a gift from Nemelex Xobeh
  1224 | D:2      | Found a snail-covered altar of Cheibriados.
  2105 | D:2      | Reached skill level 5 in Evocations
  2378 | D:3      | Reached XP level 4. HP: 21/21 MP: 8/8
  2506 | D:3      | Found a shimmering altar of Xom.
  2898 | D:3      | Reached skill level 1 in Invocations
  2911 | D:3      | Slain by a gnoll

Vault maps used:
D:1:      erik_arrival_blinker_ship
D:2:      overflow_temple_1_default, lemuel_crystal_altar, serial_glass,
          glass_columns_a, glass_columns_a, minmay_statues_item,
          xom_teletrap_fun
D:3:      nicolae_overflow_crystal_walls, first_bread

Skill      XL: |  1  2  3  4 |
---------------+-------------+-----
Stealth        | 2 3 4 |  4.6
Short Blades   | 2 |  2.5
Evocations     | 5 |  5.0
Invocations    | 1 |  1.1
Fighting       | |  0.7
Dodging        | |  3.0

Action                   |  1- 3 |  4- 6 || total
-------------------------+-------+-------++-------
Melee: Short sword       |   125 |       ||   125
       Dagger            |    21 |    76 ||    97
Evoke: Wand              |    10 |       ||    10
       Deck              |       |     1 ||     1
  Use: Scroll            |     2 |     2 ||     4
 Stab: Sleeping          |     4 |     3 ||     7
Armor: Robe              |    14 |     5 ||    19
Dodge: Dodged            |   117 |    47 ||   164
Block: Other             |     1 |    10 ||    11
